3R
GIBTOWN ELEPHANTS @ BOMPTON BABY LAKERS
08/07/2038
 
TOP OF THE 1ST
Gibtown Elephants batting - Pitching for Bompton Baby Lakers : LHP Lance Barber
Pitching: LHP Lance Barber
Batting: RHB Guillermo Alemán 0-0: Foul Ball, location: 2F
0-1: Swinging Strike
0-2: Foul Ball, location: 2F
0-2: Strikes out swinging
Batting: RHB Dusan Kontic 0-0: Called Strike
0-1: Foul Ball, location: 2F
0-2: Ball
1-2: Strikes out swinging
Batting: RHB Joe Frank 0-0: Ball
1-0: Called Strike
1-1: Swinging Strike
1-2: Ball
2-2: Strikes out swinging
Top of the 1st over - 0 runs, 0 hits, 0 errors, 0 left on base; Gibtown 0 - Bompton 0
BOTTOM OF THE 1ST
Bompton Baby Lakers batting - Pitching for Gibtown Elephants : RHP António López
Pitching: RHP António López
Batting: RHB Aaron Tuttle 0-0: Ground out 6-3 (Groundball, 4M, EV 86.9 MPH)
Batting: RHB Steffen Schulte 0-0: Swinging Strike
0-1: SINGLE (Line Drive, 7S, EV 91.9 MPH)
Batting: RHB Maema Njongmeta 0-0: Ball
1-0: Ball
2-0: Foul Ball, location: 2F
2-1: SINGLE (Line Drive, 8RS, EV 111.2 MPH)
Steffen Schulte to second
Batting: RHB Rick Pawlowicz 0-0: Foul Ball, location: 2F
0-1: Ball
1-1: SINGLE (Line Drive, 7S, EV 87.5 MPH)
Steffen Schulte to third
Maema Njongmeta to second
Batting: LHB Ben Chell 0-0: Fly out, F7 (Flyball, 7LM, EV 80.6 MPH)
Runner from 3rd tags up, SCORES, throw by LF
Batting: RHB Denny Wolfe 0-0: Called Strike
0-1: Fly out, F7 (Flyball, 7LM, EV 98.8 MPH)
Bottom of the 1st over - 1 run, 3 hits, 0 errors, 2 left on base; Gibtown 0 - Bompton 1
TOP OF THE 2ND
Gibtown Elephants batting - Pitching for Bompton Baby Lakers : LHP Lance Barber
Batting: SHB Christian Cole 0-0: Called Strike
0-1: Foul Ball, location: 2F
0-2: Foul Ball, location: 2F
0-2: Foul Ball, location: 2F
0-2: Ball
1-2: Strikes out swinging
Batting: LHB Jeff McNeice 0-0: Ground out 1-3 (Groundball, 15S, EV 68.8 MPH)
Batting: LHB Jorge Cruz 0-0: Called Strike
0-1: Foul Ball, location: 2F
0-2: Ball
1-2: Strikes out swinging
Top of the 2nd over - 0 runs, 0 hits, 0 errors, 0 left on base; Gibtown 0 - Bompton 1
BOTTOM OF THE 2ND
Bompton Baby Lakers batting - Pitching for Gibtown Elephants : RHP António López
Batting: LHB Dan Knight 0-0: Ball
1-0: Ball
2-0: Fly out, F2 (Popup, 5SF, EV 70.0 MPH)
Batting: RHB Jason Portillo 0-0: Called Strike
0-1: Ball
1-1: Foul Ball, location: 2F
1-2: Ball
2-2: Strikes out swinging, 2-3 out at first.
Batting: LHB Jon Kelly 0-0: Called Strike
0-1: Ball
1-1: Ball
2-1: Swinging Strike
2-2: Strikes out looking
Bottom of the 2nd over - 0 runs, 0 hits, 0 errors, 0 left on base; Gibtown 0 - Bompton 1
TOP OF THE 3RD
Gibtown Elephants batting - Pitching for Bompton Baby Lakers : LHP Lance Barber
Batting: LHB Mark Mears 0-0: Swinging Strike
0-1: Foul Ball, location: 2F
0-2: SOLO HOME RUN (Flyball, 9D, EV 103.1 MPH), Distance : 353 ft
Batting: RHB Colton Pennington 0-0: Foul Ball, location: 2F
0-1: Called Strike
0-2: Foul Ball, location: 2F
0-2: Ball
1-2: Ball
2-2: Foul Ball, location: 2F
2-2: Ball
3-2: Foul Ball, location: 2F
3-2: Foul Ball, location: 2F
3-2: Ground out 6-3 (Groundball, 56, EV 103.8 MPH)
Batting: LHB Dan Quintana 0-0: Called Strike
0-1: Foul Ball, location: 2F
0-2: Ball
1-2: Strikes out swinging
Batting: RHB Guillermo Alemán 0-0: Called Strike
0-1: Swinging Strike
0-2: Foul Ball, location: 2F
0-2: Ball
1-2: Ball
2-2: DOUBLE (Flyball, 89D, EV 108.1 MPH)
Batting: RHB Dusan Kontic 0-0: Called Strike
0-1: DOUBLE (Flyball, 89D, EV 105.0 MPH)
Guillermo Alemán scores
Batting: RHB Joe Frank 0-0: Called Strike
0-1: Fly out, F6 (Popup, 4S, EV 71.9 MPH)
Top of the 3rd over - 2 runs, 3 hits, 0 errors, 1 left on base; Gibtown 2 - Bompton 1
BOTTOM OF THE 3RD
Bompton Baby Lakers batting - Pitching for Gibtown Elephants : RHP António López
Batting: RHB Aaron Tuttle 0-0: Called Strike
0-1: Called Strike
0-2: Ball
1-2: Ball
2-2: Strikes out swinging
Batting: RHB Steffen Schulte 0-0: Ball
1-0: Ball
2-0: Foul Ball, location: 2F
2-1: Swinging Strike
2-2: Ball
3-2: Foul Ball, location: 2F
3-2: SINGLE (Line Drive, 7LM, EV 102.5 MPH)
Batting: RHB Maema Njongmeta 0-0: Grounds into double play, 1-4-3 (Groundball, 25, EV 76.9 MPH)
Bottom of the 3rd over - 0 runs, 1 hit, 0 errors, 0 left on base; Gibtown 2 - Bompton 1
TOP OF THE 4TH
Gibtown Elephants batting - Pitching for Bompton Baby Lakers : LHP Lance Barber
Batting: SHB Christian Cole 0-0: Foul Ball, location: 2F
0-1: SINGLE (Line Drive, 34, EV 105.6 MPH)
Batting: LHB Jeff McNeice 0-0: Foul Ball, location: 2F
0-1: Ball
1-1: Called Strike
1-2: Ball
2-2: Strikes out looking
Batting: LHB Jorge Cruz 0-0: Called Strike
0-1: Ball
Wild Pitch!
Christian Cole to second
1-1: Ball
2-1: Swinging Strike
2-2: Fly out, F8 (Flyball, 8LXD, EV 91.2 MPH)
Runner from 2nd tags up, SAFE at 3rd, no throw by CF
Batting: LHB Mark Mears 0-0: Swinging Strike
0-1: Ball
1-1: SINGLE (Line Drive, 8LS, EV 110.0 MPH)
Christian Cole scores
Batting: RHB Colton Pennington 0-0: Called Strike
0-1: Ball
1-1: Called Strike
1-2: Foul Ball, location: 2F
1-2: Ball
2-2: Fly out, F9 (Flyball, 89M, EV 91.2 MPH)
Top of the 4th over - 1 run, 2 hits, 0 errors, 1 left on base; Gibtown 3 - Bompton 1
BOTTOM OF THE 4TH
Bompton Baby Lakers batting - Pitching for Gibtown Elephants : RHP António López
Batting: RHB Rick Pawlowicz 0-0: Ball
1-0: DOUBLE (Flyball, 8LXD, EV 103.1 MPH)
Batting: LHB Ben Chell 0-0: Ball
1-0: Called Strike
1-1: Swinging Strike
1-2: Strikes out swinging
Batting: RHB Denny Wolfe 0-0: Ball
1-0: Ball
2-0: Foul Ball, location: 2F
2-1: Foul Ball, location: 2F
2-2: DOUBLE (Groundball, 5L, EV 106.9 MPH)
Rick Pawlowicz scores
Batting: LHB Dan Knight 0-0: Fly out, F2 (Popup, 25F, EV 81.2 MPH)
Batting: RHB Jason Portillo 0-0: Swinging Strike
0-1: Foul Ball, location: 2F
0-2: Ball
1-2: Ball
2-2: Foul Ball, location: 2F
2-2: Ground out 6-3 (Groundball, 6D, EV 88.8 MPH)
Bottom of the 4th over - 1 run, 2 hits, 0 errors, 1 left on base; Gibtown 3 - Bompton 2
TOP OF THE 5TH
Gibtown Elephants batting - Pitching for Bompton Baby Lakers : LHP Lance Barber
Batting: LHB Dan Quintana 0-0: Ball
1-0: Ball
2-0: Called Strike
2-1: Foul Ball, location: 2F
2-2: Strikes out swinging
Batting: RHB Guillermo Alemán 0-0: Called Strike
0-1: Ground out 6-3 (Groundball, 6D, EV 111.9 MPH)
Batting: RHB Dusan Kontic 0-0: Foul Ball, location: 2F
0-1: Ball
1-1: Foul Ball, location: 2F
1-2: Fly out, F9 (Flyball, 9S, EV 93.8 MPH)
Top of the 5th over - 0 runs, 0 hits, 0 errors, 0 left on base; Gibtown 3 - Bompton 2
BOTTOM OF THE 5TH
Bompton Baby Lakers batting - Pitching for Gibtown Elephants : RHP António López
Batting: LHB Jon Kelly 0-0: Called Strike
0-1: Fly out, F8 (Flyball, 8LXD, EV 106.2 MPH)
Batting: RHB Aaron Tuttle 0-0: Foul Ball, location: 2F
0-1: Ground out 1-3 (Groundball, 34S, EV 91.9 MPH)
Batting: RHB Steffen Schulte 0-0: Called Strike
0-1: Ball
1-1: Foul Ball, location: 2F
1-2: Strikes out swinging
Bottom of the 5th over - 0 runs, 0 hits, 0 errors, 0 left on base; Gibtown 3 - Bompton 2
TOP OF THE 6TH
Gibtown Elephants batting - Pitching for Bompton Baby Lakers : LHP Lance Barber
Batting: RHB Joe Frank 0-0: Ball
1-0: Ball
2-0: Ball
3-0: Base on Balls
Batting: SHB Christian Cole 0-0: Called Strike
0-1: Swinging Strike
0-2: Foul Ball, location: 2F
0-2: Ball
1-2: Strikes out looking
Batting: LHB Jeff McNeice 0-0: Foul Ball, location: 2F
0-1: Ball
1-1: DOUBLE (Line Drive, 78XD, EV 110.0 MPH)
Joe Frank to third
Batting: LHB Jorge Cruz 0-0: Swinging Strike
0-1: Foul Ball, location: 2F
0-2: Ball
1-2: Strikes out looking
Pitching: RHP Pierre Vannier
Batting: LHB Mark Mears 0-0: Ground out 6-3 (Groundball, 6, EV 104.4 MPH)
Top of the 6th over - 0 runs, 1 hit, 0 errors, 2 left on base; Gibtown 3 - Bompton 2
BOTTOM OF THE 6TH
Bompton Baby Lakers batting - Pitching for Gibtown Elephants : RHP António López
Batting: RHB Maema Njongmeta 0-0: Foul Ball, location: 2F
0-1: Swinging Strike
0-2: Strikes out swinging, 2-3 out at first.
Batting: RHB Rick Pawlowicz 0-0: Foul Ball, location: 2F
0-1: Foul Ball, location: 2F
0-2: Ball
1-2: SINGLE (Groundball, 6MD, EV 98.8 MPH)
Batting: LHB Ben Chell 0-0: Called Strike
0-1: Fielders Choice at 2nd, 4-6 (Groundball, 34, EV 85.6 MPH)
Batting: RHB Denny Wolfe 0-0: Swinging Strike
0-1: Swinging Strike
0-2: Strikes out looking
Bottom of the 6th over - 0 runs, 1 hit, 0 errors, 1 left on base; Gibtown 3 - Bompton 2
TOP OF THE 7TH
Gibtown Elephants batting - Pitching for Bompton Baby Lakers : RHP Pierre Vannier
Batting: RHB Colton Pennington 0-0: Foul Ball, location: 2F
0-1: Ball
1-1: Ball
2-1: Swinging Strike
2-2: SOLO HOME RUN (Line Drive, 7D, EV 105.6 MPH), Distance : 361 ft
Batting: LHB Dan Quintana 0-0: Ground out 6-3 (Groundball, 6, EV 80.6 MPH)
Batting: RHB Guillermo Alemán 0-0: Ball
1-0: Ball
2-0: SINGLE (Line Drive, 89M, EV 95.6 MPH)
Batting: RHB Dusan Kontic 0-0: Ball
1-0: Foul Ball, location: 2F
1-1: Fly out, F9 (Flyball, 89S, EV 87.5 MPH)
Batting: RHB Joe Frank 0-0: Foul Ball, location: 2F
0-1: Ball
1-1: Swinging Strike
1-2: Ball
2-2: Ball
3-2: Foul Ball, location: 2F
3-2: Foul Ball, location: 2F
3-2: Strikes out looking
Top of the 7th over - 1 run, 2 hits, 0 errors, 1 left on base; Gibtown 4 - Bompton 2
BOTTOM OF THE 7TH
Bompton Baby Lakers batting - Pitching for Gibtown Elephants : RHP António López
Batting: LHB Dan Knight 0-0: Ball
1-0: Ball
2-0: Swinging Strike
2-1: Ball
3-1: Called Strike
3-2: Strikes out swinging
Batting: RHB Jason Portillo 0-0: Called Strike
0-1: Swinging Strike
0-2: Ball
1-2: Ball
2-2: Ball
3-2: Strikes out swinging
Batting: LHB Jon Kelly 0-0: Fly out, F5 (Popup, 5F, EV 65.6 MPH)
Bottom of the 7th over - 0 runs, 0 hits, 0 errors, 0 left on base; Gibtown 4 - Bompton 2
TOP OF THE 8TH
Gibtown Elephants batting - Pitching for Bompton Baby Lakers : RHP Pierre Vannier
Batting: SHB Christian Cole 0-0: Called Strike
0-1: Ball
1-1: Ball
2-1: Fly out, F7 (Flyball, 7LDF, EV 110.6 MPH)
Batting: LHB Jeff McNeice 0-0: Called Strike
0-1: Ball
1-1: SINGLE (Flyball, 9S, EV 96.9 MPH)
Batting: LHB Jorge Cruz 0-0: Called Strike
0-1: Foul Ball, location: 2F
0-2: Ball
1-2: Strikes out looking
Batting: LHB Mark Mears 0-0: Ball
1-0: Foul Ball, location: 2F
1-1: Ball
2-1: Ball
3-1: Called Strike
3-2: Base on Balls
Jeff McNeice to second
Batting: RHB Colton Pennington 0-0: Ball
1-0: Ball
2-0: Called Strike
2-1: Ball
3-1: Called Strike
3-2: Base on Balls
Jeff McNeice to third
Mark Mears to second
Pitching: RHP Gene Kelly
Batting: LHB Dan Quintana 0-0: Ball
1-0: Swinging Strike
1-1: Foul Ball, location: 2F
1-2: Strikes out swinging
Top of the 8th over - 0 runs, 1 hit, 0 errors, 3 left on base; Gibtown 4 - Bompton 2
BOTTOM OF THE 8TH
Bompton Baby Lakers batting - Pitching for Gibtown Elephants : RHP António López
Batting: RHB Aaron Tuttle 0-0: Ball
1-0: Foul Ball, location: 5F, Error on foul ball, E5
1-1: Ball
2-1: Swinging Strike
2-2: Strikes out swinging
Batting: RHB Steffen Schulte 0-0: Ball
1-0: Ball
2-0: Ball
3-0: Called Strike
3-1: Base on Balls
Pitching: RHP Graeme Clark
Batting: RHB Maema Njongmeta 0-0: Ball
1-0: Called Strike
1-1: Called Strike
1-2: SINGLE (Groundball, 56S, EV 91.2 MPH) (infield hit)
Steffen Schulte to second
Batting: RHB Rick Pawlowicz 0-0: Called Strike
0-1: SINGLE (Groundball, 6MD, EV 105.6 MPH)
Steffen Schulte to third
Maema Njongmeta to second
Runner from 3rd tries for Home, throw by CF and OUT! 8-2
Batting: LHB Ben Chell 0-0: Called Strike
0-1: Swinging Strike
0-2: Ball
1-2: Strikes out swinging
Bottom of the 8th over - 0 runs, 2 hits, 1 error, 2 left on base; Gibtown 4 - Bompton 2
TOP OF THE 9TH
Gibtown Elephants batting - Pitching for Bompton Baby Lakers : RHP Gene Kelly
Pitching: RHP Denny Matthews
Batting: RHB Guillermo Alemán 0-0: Ball
1-0: Swinging Strike
1-1: Ball
2-1: Foul Ball, location: 2F
2-2: Strikes out swinging
Pitching: RHP Yong-jun Yi
Batting: RHB Dusan Kontic 0-0: Ball
1-0: Foul Ball, location: 2F
1-1: Foul Ball, location: 2F
1-2: Ground out U3 (Groundball, 34, EV 81.2 MPH)
Batting: RHB Joe Frank 0-0: Called Strike
0-1: Foul Ball, location: 2F
0-2: Ball
1-2: Ball
2-2: Strikes out swinging
Top of the 9th over - 0 runs, 0 hits, 0 errors, 0 left on base; Gibtown 4 - Bompton 2
BOTTOM OF THE 9TH
Bompton Baby Lakers batting - Pitching for Gibtown Elephants : RHP Graeme Clark
Batting: RHB Denny Wolfe 0-0: Called Strike
0-1: Swinging Strike
0-2: Strikes out swinging
Batting: LHB Dan Knight 0-0: Foul Ball, location: 2F
0-1: Swinging Strike
0-2: Ball
1-2: Strikes out looking
Batting: RHB Jason Portillo 0-0: SINGLE (Groundball, 34D, EV 97.5 MPH)
Batting: LHB Jon Kelly 0-0: Called Strike
0-1: Ball
1-1: Foul Ball, location: 2F
1-2: Ball
2-2: Foul Ball, location: 2F
2-2: Strikes out looking
Bottom of the 9th over - 0 runs, 1 hit, 0 errors, 1 left on base; Gibtown 4 - Bompton 2
Friday, April 17th, 2020 - OOTP Baseball 20.8 Build 74